 Dungeon Crawl Stone Soup version 0.25-a0-861-g340c9e8194 (webtiles) character file.

Game seed: 15603960806217855226, levelgen mode: deterministic

22 Esekla the Charmwright (level 2, -3/24 HPs)
             Began as a Deep Elf Skald on Apr 29, 2020.
             Killed by divine providence
             ... invoked by an orc priest
              (12 damage)
             ... on level 4 of the Dungeon.
             The game lasted 00:06:00 (910 turns).

Esekla the Charmwright (Deep Elf Skald)              Turns: 910, Time: 00:06:01

Health: -3/24      AC: 21    Str:  8    XL:     2   Next: 68%
Magic:  5/8        EV:  2    Int: 17    God:
Gold:   20         SH:  0    Dex: 14    Spells: 3/8 levels left

rFire    . . .     SeeInvis .   a - +0 falchion
rCold    . . .     Gourm    .   (no shield)
rNeg     + + +     Faith    .   (armour currently unavailable)
rPois    +         Spirit   .   (helmet currently unavailable)
rElec    .         Reflect  .   (cloak currently unavailable)
rCorr    .         Harm     .   (gloves currently unavailable)
MR       .....     NoTele   +   (boots currently unavailable)
Stlth    +.........             (no amulet)
HPRegen  0.08/turn              (no ring)
MPRegen  0.11/turn              (no ring)

@: tree-form, infused, stab
A: no striking features
a: no special abilities


You were on level 4 of the Dungeon.
You were not hungry.
You were a tree.
You visited 1 branch of the dungeon, and saw 4 of its levels.

You collected 20 gold pieces.

Inventory:

Hand Weapons
 a - a +0 falchion (weapon)
Armour
 b - a +0 leather armour (melded)
Scrolls
 c - a scroll of identify
 g - a scroll of fog {unknown}
 h - a scroll of remove curse {unknown}
 j - a scroll of noise {unknown}
 k - a scroll of blinking {unknown}
Potions
 f - 2 potions of degeneration
Comestibles
 d - 4 rations


   Skills:
 - Level 1.5 Fighting
 * Level 2.4 Long Blades
 - Level 0.7 Armour
 + Level 2.7 Dodging
 * Level 3.6 Spellcasting
 - Level 4.4 Charms


You had 3 spell levels left.
You knew the following spells:

 Your Spells              Type           Power        Failure   Level  Hunger
a - Infusion              Chrm           ###.         2%          1    None
b - Shroud of Golubria    Chrm/Tloc      ##....       10%         2    ##.....
c - Song of Slaying       Chrm           ###.....     4%          2    ##.....

Your spell library contained the following spells:

 Spells                   Type           Power        Failure   Level  Hunger
 Ozocubu's Armour         Chrm/Ice       ##......     21%         3    ###....
 Spectral Weapon          Hex/Chrm       ##......     21%         3    ###....


Dungeon Overview and Level Annotations

Branches:
Dungeon (4/15)
 Temple: D:4-7

Altars:

Annotations:
D:3 Robin


Message History

As you read the scroll labeled NYACRI UBYKKO, it crumbles to dust.
It is a scroll of identify.
f - 2 potions of degeneration It was a potion of lignification.
You turn into a tree.
Your +0 leather armour melds into your body.
Your roots penetrate the ground.
It was a potion of stabbing.
You feel ready to backstab.
Casting: Shroud of Golubria (safe; 10% risk of failure)
Confirm with . or Enter, or press ? or * to list all spells.
You begin infusing your attacks with magical energy.
You hit the orc priest.
The orc priest is moderately wounded.
The orc priest hits you but does no damage.
You hit the orc priest!
The orc priest is almost dead.
The orc priest invokes the aid of Beogh against you.
Beogh smites you!
Ouch! That really hurt!
You die...

# ########.#
#.♣o....(..
#.##.###.##...
#.........o...
####.#...#.......
#.#.###....#.
####.#.###.>...
#....[........#
#.##.#.###.#..#
#.##....##.#..###.##


You could see an orc priest.

Vanquished Creatures
  A dart slug (D:1)
  2 leopard geckos (D:1)
  A ball python (D:2)
  A giant cockroach (D:4)
  A hobgoblin (D:2)
  2 kobolds
  4 bats
  4 goblins
  A rat (D:3)
17 creatures vanquished.

Notes
Turn   | Place    | Note
-------+----------+-------------------------------------------
     0 | D:1      | Esekla the Deep Elf Skald began the quest for the Orb.
     0 | D:1      | Reached XP level 1. HP: 12/12 MP: 6/6
   518 | D:1      | Reached XP level 2. HP: 10/16 MP: 8/8
   535 | D:2      | Learned a level 2 spell: Shroud of Golubria
   538 | D:2      | Learned a level 2 spell: Song of Slaying
   867 | D:3      | Noticed Robin
   910 | D:4      | Killed from afar by an orc priest

Levels and vault maps discovered:
D:1:      lordsloth_arrival_two_stooges, layout_basic,
          minmay_misc_feat_secret_circle
D:2:      minmay_general_purpose_star, layout_rooms, kennysheep_generic_room_9
D:3:      layout_rooms, okawaru_trees_1, makhleb_heckhound_becter,
          yredelemnul_forgotten_temple_becter, first_ration,
          kennysheep_generic_room_8, uniq_robin
D:4:      layout_loops_ring, amethyst_overflow_temple_binary,
          nicolae_ossuary_entry_false_entrances, uniq_sigmund, uniq_natasha

Skill      XL: |  1 |
---------------+----+-----
Long Blades    | 2 |  2.4
Fighting       | |  1.5
Armour         | |  0.7
Dodging        | |  2.7
Spellcasting   | |  3.6
Charms         | |  4.4

Action                   || total
-------------------------++-------
Melee: Falchion          ||    28
 Cast: Infusion          ||     5
       Shroud of Golubri ||     2
  Use: Potion            ||     2
       Scroll            ||     1
 Stab: Sleeping          ||     1
Armor: Leather armour    ||     9
       Skin              ||     1
Dodge: Dodged            ||    36
       Rpst.: Falchion   ||    14

Table legend:
 A = Non-vault XP
 B = Vault XP
 C = Vault XP percentage of total XP
 D = Non-vault monster count
 E = Vault monster count
 F = Vault count percentage of total count
                 A         B        C        D         E       F
            +---------+---------+-------+---------+---------+-------
      Total |      28 |       4 |  12.5 |      15 |       2 |  11.8
            +---------+---------+-------+---------+---------+-------
        D:1 |      15 |       0 |   0.0 |       7 |       0 |   0.0
        D:2 |       8 |       2 |  20.0 |       5 |       1 |  16.7
        D:3 |       3 |       2 |  40.0 |       2 |       1 |  33.3
        D:4 |       2 |       0 |   0.0 |       1 |       0 |   0.0
            +---------+---------+-------+---------+---------+-------
